 Dungeon Crawl Stone Soup version 0.16.1-30-g34a7ffa (webtiles) character file.

28 Sirial the Skirmisher (level 3, -1/29 HPs)
             Began as a Demonspawn Abyssal Knight on June 29, 2015.
             Was a Believer of Lugonu.
             Slain by Robin
             ... wielding a +0 mace of draining
              (8 damage)
             ... on level 2 of the Dungeon.
             The game lasted 00:05:41 (855 turns).

Sirial the Skirmisher (Demonspawn Abyssal Knight)    Turns: 855, Time: 00:05:41

Health: -1/29      AC:  7    Str: 12    XL:     3   Next: 0%
Magic:  4/4        EV: 10    Int: 13    God:    Lugonu [**....]
Gold:   53         SH:  0    Dex: 12    Spells: 0 memorised, 2 levels left

rFire  . . .     SeeInvis .     a - +1 short sword
rCold  . . .     Clarity  .     b - +0 leather armour
rNeg   . . .     SustAb   .     (no shield)
rPois  .         Gourm    .     (helmet restricted)
rElec  .         Spirit   .     (no cloak)
rCorr  .         Warding  .     (no gloves)
rMut   .         Stasis   .     (no boots)
MR     .....                    (no amulet)
Stlth  +.........               (no ring)
                                (no ring)

@: heavily drained, not resistant to hostile enchantments, very unstealthy
A: horns 1, rough black scales 1
a: Depart the Abyss, Bend Space, Renounce Religion


You were on level 2 of the Dungeon.
You worshipped Lugonu.
Lugonu was pleased with you.
You were not hungry.

You visited 1 branch of the dungeon, and saw 2 of its levels.
You visited the Abyss 1 time.

You collected 53 gold pieces.

Inventory:

Hand weapons
 a - a +1 short sword (weapon)
Armour
 b - a +0 leather armour (worn)
Scrolls
 d - 3 scrolls of remove curse
 e - 3 scrolls of identify
Comestibles
 c - a bread ration


   Skills:
 + Level 3.5(2.2) Fighting
 + Level 2.0(0.8) Short Blades
 + Level 2.1(0.9) Armour
 + Level 1.1(0.0) Dodging
 + Level 0.4(0.0) Stealth
 + Level 2.4(1.2) Invocations


You had 2 spell levels left.
You didn't know any spells.

Dungeon Overview and Level Annotations

Branches:
Dungeon (2/15)

Altars:
Kikubaaqudgha

Annotations:
D:2 Robin


Innate Abilities, Weirdness & Mutations

You have a pair of small horns on your head.
You are partially covered in rough black scales (AC +4, Dex -1).


Message History

The goblin hits you but does no damage.
You hit Robin but do no damage. You headbutt Robin, but do no damage.
Robin is severely wounded.
The goblin misses you.
You closely miss Robin.
Robin is severely wounded.
Robin roars a battlecry!
The goblin goes into a battle-frenzy!
Robin hits you but does no damage.
You feel drained. The goblin hits you but does no damage.
You closely miss Robin. Your headbutt misses Robin.
Robin is severely wounded.
The goblin hits you with an uncursed dagger.
Robin hits you with a mace of draining.
* * * LOW HITPOINT WARNING * * *
You feel drained.
You hit Robin but do no damage.
Robin is severely wounded.
The goblin hits you but does no damage. Robin hits you with a mace of draining!
You die... g

.... #g.g #..g #.$g
..##.... #.$.
.....##....# #...
....##..... #####...#####
#...##..... $......gg@g(#
#........#. ###########.#
#.......#. >........#.#
#.......#.
########.#.######......#.
#.#####.#......'........
#..........#####......##
#.#####....# ##..#..#.
#.# #....#######.##.#.
#.# #........# #..#.#.


You could see Robin and 2 goblins.

Vanquished Creatures
  An ooze (D:1)
  3 bats
  3 giant cockroaches (D:1)
  3 hobgoblins (D:1)
  A giant gecko (D:1)
  3 giant newts
  8 goblins
  2 kobolds
  3 rats
27 creatures vanquished.

Notes
Turn   | Place    | Note
--------------------------------------------------------------
     0 | Abyss:1  | Sirial, the Demonspawn Abyssal Knight, began the quest for the Orb.
     0 | Abyss:1  | Reached XP level 1. HP: 18/18 MP: 1/1
    13 | D:1      | Escaped the Abyss
   148 | D:1      | Gained mutation: You are partially covered in rough black scales (AC +4, Dex -1). [demonic ancestry]
   148 | D:1      | Reached XP level 2. HP: 4/24 MP: 2/2
   476 | D:1      | Reached skill level 1 in Dodging
   746 | D:2      | Acquired Lugonu's second power
   759 | D:2      | Found an ancient bone altar of Kikubaaqudgha.
   825 | D:2      | Noticed Robin
   844 | D:2      | Gained mutation: You have a pair of small horns on your head. [demonic ancestry]
   844 | D:2      | Reached XP level 3. HP: 29/29 MP: 4/4
   855 | D:2      | Slain by Robin

Action                   || total
-------------------------++-------
Melee: Short sword       ||    94
  Use: Scroll            ||     4
       Potion            ||     3
